 Dungeon Crawl Stone Soup version 0.30-a0-310-g7d6cbdfea6 (webtiles) character file.

Game seed: 5308985501953181312

737 ryw the Trooper (level 7, -15/84 HPs)
             Began as a Demonspawn Monk on Oct 24, 2022.
             Was a Priest of Fedhas.
             Demolished by an ogre
             ... wielding a +0 giant club
              (20 damage)
             ... on level 5 of the Dungeon.
             The game lasted 00:13:01 (5018 turns).

ryw the Trooper (Demonspawn Monk)                   Turns: 5018, Time: 00:13:02

Health: -15/84     AC: 27    Str: 11      XL:     7   Next: 46%
Magic:  10/10      EV:  2    Int: 16 (17) God:    Fedhas [***...]
Gold:   40         SH:  4    Dex: 19 (20) Spells: 6/6 levels left

rFire   . . .      SeeInvis .    q - +0 short sword (speed)
rCold   . . .      Faith    .    (no shield)
rNeg    + . .      Spirit   .    (body armour currently unavailable)
rPois   +          Reflect  .    (helmet currently unavailable)
rElec   .          Harm     .    (cloak currently unavailable)
rCorr   .          Rampage  .    (gloves currently unavailable)
Will    +....      NoTele   +    (boots currently unavailable)
Stlth   +++.......               (no amulet)
HPRegen 0.34/turn                n - ring of positive energy
MPRegen 0.12/turn                o - +6 ring of intelligence

@: brilliant, tree-form
A: stationary, stasis, torment immunity, boosted hp, (antennae 1), thin skeletal
structure 1, icemail 1, condensation shield, (cold resistance 1), deterioration
1, strong-willed 1, MP-powered wands
a: Renounce Religion, Wall of Briars, Grow Ballistomycete


You were on level 5 of the Dungeon.
You worshipped Fedhas.
Fedhas was most pleased with you.
You were a tree.
You visited 1 branch of the dungeon, and saw 5 of its levels.

You collected 154 gold pieces.
You spent 114 gold pieces at shops.

Inventory:

Hand Weapons
 q - a +0 short sword of speed (weapon)
Missiles
 b - 3 poisoned darts (quivered)
 l - 3 boomerangs of dispersal
Armour
 f - a +0 pair of boots (melded)
 g - the +6 plate armour of Nasyniuh (melded) {rC+ rN++}
   (You acquired it on level 4 of the Dungeon)

   rC:        It protects you from cold.
   rN:        It greatly protects you from negative energy.
 m - a +2 hat (melded)
 x - a +2 pair of gloves (melded)
Jewellery
 a - a ring of flight
 n - a ring of positive energy (left branch)
 o - a +6 ring of intelligence (right branch)
Scrolls
 c - 2 scrolls of enchant weapon
 d - a scroll of fear
 e - 3 scrolls of identify
 k - a scroll of teleportation
 s - a scroll of magic mapping
 u - a scroll of immolation
Potions
 i - 2 potions of heal wounds
 j - a potion of flight
 t - a potion of curing {unknown}
 v - a potion of attraction {unknown}
 w - a potion of haste {unknown}


   Skills:
 + Level 5.5 Fighting
 + Level 3.9 Armour
 - Level 3.8 Dodging
 - Level 1.7 Stealth
 - Level 0.1 Shields
 - Level 2.6 Unarmed Combat
 + Level 5.2 Invocations


You had 6 spell levels left.
You didn't know any spells.
Your spell library contained the following spells:

 Spells                   Type           Power      Damage    Failure   Level
 Magic Dart               Conj           0%         1d3       26%         1
 Sandblast                Erth           0%         2d4       26%         1
 Passwall                 Tmut/Erth      0%         N/A       36%         2
 Searing Ray              Conj           0%         2d4       36%         2
 Stone Arrow              Conj/Erth      0%         3d7       58%         3
 Fulminant Prism          Conj/Hex       0%         3d6       94%         4


Dungeon Overview and Level Annotations

Branches:
Dungeon (5/15)
 Temple: D:4-7

Altars:
Fedhas

Shops:
D:2 *   D:5 !


Innate Abilities, Weirdness & Mutations

You are a tree.
Your roots penetrate the ground, keeping you stationary.
You cannot be teleported.
You are immune to unholy pain and torment.
Your maximum health is greatly increased.
Your equipment is partially melded.
((You have a pair of small antennae on your head.))
You have a somewhat thin skeletal structure. (Dex +2, Stealth+)
A meltable icy envelope protects you from harm. (AC +4)
A meltable shield of frost defends you. (SH +4)
((Your flesh is cold resistant. (rC+)))
Your body sometimes deteriorates upon taking damage.
You are strong-willed. (Will+)
You expend magic power (3 MP) to strengthen your wands.


Message History

You feel much better. The ogre hits you but does no damage.
Really quaff the potion of lignification?
Okay, then.
Unknown command.
Really quaff the potion of lignification?
You turn into a tree.
Your +2 hat melds into your body.
Your +2 pair of gloves melds into your body.
Your +0 pair of boots melds into your body.
The +6 plate armour of Nasyniuh {rC+ rN++} melds into your body.
Your roots penetrate the ground.
You hit the ogre.
The ogre is moderately wounded.
The ogre hits you but does no damage.
You hit the ogre.
The ogre is moderately wounded.
You hit the ogre.
The ogre is heavily wounded.
The ogre hits you with a +0 giant club!!
Your body deteriorates!
You feel clumsy.
You completely miss the ogre.
The ogre is heavily wounded.
You hit the ogre.
The ogre is heavily wounded.
The ogre hits you with a +0 giant club!
* * * LOW HITPOINT WARNING * * *
You hit the ogre.
The ogre is severely wounded.
Unknown command.
You hit the ogre but do no damage.
The ogre is severely wounded.
The ogre hits you with a +0 giant club!!
* * * LOW HITPOINT WARNING * * *
You hit the ogre. You punch the ogre, but do no damage.
The ogre is severely wounded.
Unknown command.
You hit the ogre.
The ogre is severely wounded.
The ogre hits you with a +0 giant club!!
You die...
Fedhas appreciates your contribution to the ecosystem.

.......#...#.......#
.......#...#.......#
..######...#.......#
..#
#...#.......#...#
###
....#.......#...#
#.[..#.......#...#
##...#.......#...#
######.......#...#
#......###♣###...#
#..#####...O#....#
#.## ##...'....# ###
##..#....# #####...#
##...# #....# ##...#
##..#


You could see an ogre.

Vanquished Creatures
  Grinder (D:4)
  An ogre (D:4)
  2 phantoms (D:5)
  A scorpion (D:5)
  A howler monkey (D:3)
  An orc priest (D:3)
  An iguana (D:5)
  3 gnolls (D:3)
  5 adders
  A worm (D:2)
  3 dart slugs
  9 orcs
  2 ball pythons
  4 bats
  7 endoplasms
  6 giant cockroaches
  5 goblins
  8 hobgoblins
  2 jackals (D:1)
  4 kobolds
  2 quokkas
  2 frilled lizards (D:1)
  2 rats
73 creatures vanquished.

Notes
Turn   | Place    | Note
-------+----------+-------------------------------------------
     0 | D:1      | ryw the Demonspawn Monk began the quest for the Orb.
     0 | D:1      | Reached XP level 1. HP: 18/18 MP: 1/1
   218 | D:1      | Gained mutation: A meltable shield of frost defends you.
                  | (SH +4) [demonic ancestry]
   218 | D:1      | Reached XP level 2. HP: 23/24 MP: 2/2
  1042 | D:2      | Identified the +2 leather armour of the Ward {rF++ Str-2
                  | Int+9 SInv}
  1074 | D:2      | Gained mutation: You have a pair of small antennae on your
                  | head. [demonic ancestry]
  1074 | D:2      | Reached XP level 3. HP: 29/30 MP: 3/3
  1128 | D:2      | Found Bygo's Assorted Antiques.
  1191 | D:2      | HP: 1/30 [worm (8)]
  2109 | D:3      | Reached skill level 1 in Armour
  2309 | D:3      | Found a faded altar of an unknown god.
  2418 | D:3      | Gained mutation: A meltable icy envelope protects you from
                  | harm. (AC +4) [demonic ancestry]
  2418 | D:3      | Reached XP level 4. HP: 35/38 MP: 4/4
  2441 | D:3      | Prayed at the altar of an unknown god.
  2441 | D:3      | Became a worshipper of Fedhas Madash
  2441 | D:3      | Reached * piety under Fedhas
  2441 | D:3      | Reached ** piety under Fedhas
  2810 | D:3      | Reached skill level 1 in Invocations
  2979 | D:3      | Reached skill level 5 in Fighting
  2979 | D:3      | Reached XP level 5. HP: 38/44 MP: 6/6
  3064 | D:4      | Reached *** piety under Fedhas
  3400 | D:4      | Noticed Grinder
  3401 | D:4      | Paralysed by Grinder for 2 turns
  3414 | D:5      | Entered Level 5 of the Dungeon
  3508 | D:4      | Paralysed by Grinder for 2 turns
  3519 | D:4      | Paralysed by Grinder for 2 turns
  3542 | D:5      | Noticed a phantom
  3651 | D:4      | Paralysed by Grinder for 3 turns
  3672 | D:4      | Paralysed by Grinder for 4 turns
  3686 | D:4      | Paralysed by Grinder for 5 turns
  3768 | D:4      | Killed Grinder
  3769 | D:4      | Gained mutation: You have a somewhat thin skeletal
                  | structure. (Dex +2, Stealth+) [demonic ancestry]
  3769 | D:4      | Reached XP level 6. HP: 51/51 MP: 6/8
  4173 | D:4      | Identified a scroll of acquirement
  4173 | D:4      | Acquired the +6 plate armour of Nasyniuh {rC+ rN++}
  4348 | D:5      | Reached XP level 7. HP: 23/56 MP: 10/10
  4568 | D:5      | Reached skill level 5 in Invocations
  4585 | D:5      | Found Leka's Distillery.
  4732 | D:2      | Bought a runed short sword for 114 gold pieces
  5007 | D:5      | Gained mutation: You expend magic power (3 MP) to
                  | strengthen your wands. [potion of mutation]
  5007 | D:5      | Gained mutation: Your body sometimes deteriorates upon
                  | taking damage. [potion of mutation]
  5007 | D:5      | Gained mutation: You are strong-willed. (Will+) [potion of
                  | mutation]
  5007 | D:5      | Gained mutation: Your flesh is cold resistant. (rC+)
                  | [potion of mutation]
  5016 | D:5      | HP: 4/84 [ogre/+0 giant club (21)]
  5018 | D:5      | Demolished by an ogre

Illustrated notes

Levels and vault maps discovered:
D:1:      onia_arrival_mini_maze, layout_loops_cross, roderic_lattice_a,
          minmay_door_square
D:2:      layout_rooms, serial_shops, nicolae_shop_overgrown_old_shop
D:3:      layout_basic, nicolae_ecumenical_oubliette
D:4:      layout_rooms, uniq_grinder
D:5:      layout_gridville, serial_shops, shop, nicolae_inconvenience_store,
          nicolae_shop_trees, minmay_misc_feat_chi, grunt_decor_resistance,
          corexii_leaking_fountain, kennysheep_diamond,
          hangedman_minor_gate_pass

Skill      XL: |  1  2  3  4  5  6  7 |
---------------+----------------------+-----
Fighting       | 4 5 |  5.5
Armour         | 1 3 |  3.9
Invocations    | 2 3 4 5 |  5.2
Dodging        | 3 |  3.8
Stealth        | |  1.7
Shields        | |  0.1
Unarmed Combat | |  2.6

Action                   |  1- 3 |  4- 6 |  7- 9 || total
-------------------------+-------+-------+-------++-------
Melee: Unarmed           |   206 |   333 |    74 ||   613
       Punch             |     6 |     2 |     5 ||    13
       Short sword       |       |       |    29 ||    29
  Use: Potion            |       |     3 |     5 ||     8
       Scroll            |       |     9 |       ||     9
 Stab: Sleeping          |     7 |     2 |       ||     9
       Invisible         |       |     4 |       ||     4
Armor: Robe              |     6 |       |       ||     6
       Leather armour    |    39 |    90 |       ||   129
       Skin              |       |     2 |     1 ||     3
       Plate armour      |       |    46 |    58 ||   104
Dodge: Dodged            |    86 |   129 |    10 ||   225
Block: Other             |    22 |    48 |    14 ||    84

Table legend: (Time is in decaauts)
 A = Elapsed time spent in this place.
 B = Non-inter-level travel time spent in this place.
 C = Inter-level travel time spent in this place.
 D = Time resting spent in this place.
 E = Time spent auto-exploring this place.
 F = Levels seen in this place.
 G = Mean time per level.
                   A        B        C        D        E       F      G
               +--------+--------+--------+--------+--------+-----+--------+
         Total |   4992 |   4571 |    421 |    625 |   2594 |   5 |  998.4 |
       Dungeon |   4992 |   4571 |    421 |    625 |   2594 |   5 |  998.4 |
               +--------+--------+--------+--------+--------+-----+--------+

Top non-repeatable levels by time:
     D:3: 1501 daAuts
     D:1: 1138 daAuts
     D:4: 1004 daAuts
     D:5: 723 daAuts
     D:2: 623 daAuts
